 Dungeon Crawl Stone Soup version 0.31-a0-365-gcf821cafb2 (webtiles) character file.

Game seed: 13835959250874668170

1269 CraigForest the Grappler (level 8, -5/54 HPs)
             Began as a Merfolk Shapeshifter on July 28, 2023.
             Was a Follower of Qazlal.
             Killed by divine providence
             ... invoked by an orc priest
              (10 damage)
             ... on level 5 of the Dungeon.
             The game lasted 00:27:14 (3385 turns).

CraigForest the Grappler (Merfolk Shapeshifter)     Turns: 3385, Time: 00:27:15

Health: -5/54      AC:  6    Str: 16    XL:     8   Next: 53%
Magic:  9/9        EV: 12    Int:  7    God:    Qazlal [*.....]
Gold:   962        SH:  5    Dex: 20    Spells: 4/8 levels left

rFire   . .          .
                       - Unarmed
rCold   . . .        (no shield)
rNeg    . . .        l - +0 scale mail
rPois   .            (helmet currently unavailable)
rElec   .            (cloak currently unavailable)
rCorr   .            (gloves currently unavailable)
SInv    .            (boots currently unavailable)
Will    .....        E - amulet of regeneration Stlth
                     p - +6 ring of dexterity
HPRegen 1.09/turn    (no ring)
MPRegen 0.11/turn

%: random rage (3%)
@: beast-form
A: beast (slay +4), (nimble swimmer 2), mertail, large bone plates 1, berserk 1,
weak 1
a: Begin Untransformation, Renounce Religion


You were on level 5 of the Dungeon.
You worshipped Qazlal.
Qazlal was aware of your devotion.
You were a hulking beast.
You visited 1 branch of the dungeon, and saw 6 of its levels.

You collected 962 gold pieces.

Inventory:

Hand Weapons
 d - a +1 spear
 g - a +0 dire flail
 k - a +2 hand axe of holy wrath
 m - a +0 long sword
 t - a +1 scythe of venom
 w - a +2 mace of protection
 z - a +0 quarterstaff
 C - the +2 flail of the Ancient Seas {venom, rF+}
   (You found it on level 4 of the Dungeon)

   rF:        It protects you from fire.
Missiles
 h - 6 poisoned darts (quivered)
 r - 6 atropa-tipped darts
 D - 5 javelins
Armour
 a - a +1 animal skin
 f - a +0 ring mail
 l - a +0 scale mail (worn)
 n - a +0 helmet
 u - a +2 robe of fire resistance
Jewellery
 p - a +6 ring of dexterity (left hand)
 E - an amulet of regeneration (around neck)
Talismans
 c - a beast talisman
Scrolls
 o - a scroll of identify
 s - a scroll of amnesia {unknown}
 v - 2 scrolls of enchant armour
 y - a scroll of teleportation {unknown}
 A - a scroll of noise {unknown}
 B - a scroll of enchant weapon
Potions
 b - 2 potions of lignification
 e - a potion of magic
 i - a potion of ambrosia
 j - a potion of curing
 q - 2 potions of heal wounds
 x - a potion of degeneration {unknown}
 F - a potion of berserk rage {unknown}


   Skills:
 - Level 1.1 Fighting
 + Level 4.8 Dodging
 + Level 0.5 Shields
 + Level 9.2 Unarmed Combat
 + Level 0.9 Spellcasting
 + Level 1.5 Ice Magic
 + Level 6.6 Shapeshifting


You had 4 spell levels left.
You knew the following spells:

 Your Spells              Type           Power      Damage    Failure   Level
a - Freeze                Ice            8%         1d3       65%         1
b - Frozen Ramparts       Ice            4%         1d1       95%         3

Your spell library contained the following spells:

 Spells                   Type           Power      Damage    Failure   Level
 Sting                    Tmut/Pois      0%         1d3       86%         1
 Blink                    Tloc           0%         N/A       94%         2
 Lesser Beckoning         Tloc           0%         N/A       94%         2
 Momentum Strike          Conj/Tloc      0%         3d8       94%         2
 Poisonous Vapours        Pois/Air       0%         N/A       94%         2
 Hailstorm                Conj/Ice       1%         3d3       98%         3
 Olgreb's Toxic Radiance  Pois           0%         N/A       100%        4


Dungeon Overview and Level Annotations

Branches:
Dungeon (6/15)
 Temple: D:4-7

Altars:
Qazlal
Ru


Innate Abilities, Weirdness & Mutations

You are a hulking beast.
Your limbs bulge with bestial killing power. (Slay +4)
((You are very nimble when in or above water. (Stealth+, EV+, Speed+++)))
Your lower body shifts to a powerful aquatic tail in water.
You are partially covered in large bone plates. (SH +4)
You sometimes lose your temper in combat.
You are weak. (Str -2)


Message History

You barely miss the orc priest. Your punch misses the orc priest.
The orc priest mumbles some strange prayers to Beogh against you.
Pain shoots through your body! The orc priest barely misses you.
You hit the orc priest.
The orc priest is lightly wounded.
You punch the orc priest!
You kill the orc priest!
Qazlal accepts your kill.
You punch the orc priest!
The orc priest is severely wounded.
The orc priest calls down the wrath of Beogh upon you.
Pain shoots through your body! The orc hits you with a +0 mace.
The orc priest mumbles some strange prayers to Beogh against you.
Beogh smites you!
* * * LOW HITPOINT WARNING * * *
You punch the orc priest!
You kill the orc priest!
Qazlal accepts your kill. The orc misses you.
The orc priest looks braver for a moment.
The orc hits you with a +0 morningstar.
* * * LOW HITPOINT WARNING * * *
The orc priest closely misses you.
Things that are here:
a +0 hand axe; a +0 club; a +0 leather armour You punch the orc priest!
Your punch misses the orc priest.
The orc priest is heavily wounded.
The orc barely misses you. The orc completely misses you.
The orc barely misses you.
The orc priest calls down the wrath of Beogh upon you.
You struggle to resist.
You hit the orc priest but do no damage.
The orc priest is heavily wounded.
You block the orc's attack. The orc closely misses you.
The orc hits you with a +0 morningstar.
* * * LOW HITPOINT WARNING * * *
The orc priest is engulfed in blazing flames.
The orc priest mumbles some strange prayers to Beogh against you.
Beogh smites you!
You die...

...!....####..#...#...#.
#.....##....#...#...#..
##.........#..(......... ##
##......#..##...#...#...#
........o........#(..#...#.
........[..# #.#.((#...#..
#.#.....#>.###..#.).#...#.
#.#######oo##....#..(#...#
#..#....oho#.........).h..
#...#####...........†{...
#...# #..........†.>..
#...#.# ...............
#.###.#### ...............
... #....###...............
..# ####...#...........††..
## ###..#.....>........
##.##.....##......


You could see an orc priest and 3 orcs.

Vanquished Creatures
  Sigmund (D:3)
  A yak (D:5)
  A steam dragon (D:5)
  An ogre (D:4)
  2 scorpions (D:5)
  A howler monkey (D:5)
  5 hounds
  4 orc priests
  4 iguanas
  An orc wizard (D:6)
  A gnoll (D:5)
  10 adders
  An ufetubus (D:4)
  A worm (D:3)
  6 dart slugs
  4 orcs (D:3)
  6 endoplasms
  6 giant cockroaches
  10 goblins
  5 hobgoblins
  5 jackals
  12 kobolds
  8 quokkas
  15 ball pythons
  2 bats (D:1)
  2 frilled lizards
  2 rats
117 creatures vanquished.

Notes
Turn   | Place    | Note
-------+----------+-------------------------------------------
     0 | D:1      | CraigForest the Merfolk Shapeshifter began the quest for
                  | the Orb.
     0 | D:1      | Reached XP level 1. HP: 15/15 MP: 1/1
    71 | D:1      | Reached XP level 2. HP: 15/21 MP: 2/2
   310 | D:1      | Found a faded altar of an unknown god.
   331 | D:1      | Reached XP level 3. HP: 25/26 MP: 3/3
   568 | D:1      | Learned a level 1 spell: Freeze
   791 | D:2      | Reached skill level 4 in Unarmed Combat
   864 | D:2      | Reached skill level 5 in Shapeshifting
   981 | D:2      | You fall into a shaft and drop 2 floors!
   999 | D:4      | Reached XP level 4. HP: 32/32 MP: 4/4
  1223 | D:4      | Noticed an ogre
  1280 | D:3      | Reached XP level 5. HP: 35/37 MP: 5/5
  1301 | D:3      | Identified a scroll of acquirement
  1301 | D:3      | Acquired 742 gold pieces
  1488 | D:2      | Reached skill level 5 in Unarmed Combat
  1905 | D:3      | Noticed Sigmund
  1912 | D:3      | Killed Sigmund
  1913 | D:3      | Reached skill level 6 in Unarmed Combat
  1913 | D:3      | Reached XP level 6. HP: 29/43 MP: 6/6
  1943 | D:3      | Learned a level 3 spell: Frozen Ramparts
  2516 | D:3      | Gained mutation: You sometimes lose your temper in combat.
                  | [potion of mutation]
  2516 | D:3      | Gained mutation: You are partially covered in large bone
                  | plates. (SH +4) [potion of mutation]
  2516 | D:3      | Gained mutation: You are weak. (Str -2) [potion of
                  | mutation]
  2578 | D:4      | Reached XP level 7. HP: 48/48 MP: 7/7
  2650 | D:4      | Found a stormy altar of Qazlal.
  2657 | D:4      | Became a worshipper of Qazlal Stormbringer
  2749 | D:4      | Reached skill level 7 in Unarmed Combat
  2937 | D:4      | Identified the +2 flail of the Ancient Seas {venom, rF+}
  3020 | D:5      | Entered Level 5 of the Dungeon
  3022 | D:5      | Noticed a yak
  3099 | D:5      | Killed a yak
  3100 | D:5      | Reached skill level 8 in Unarmed Combat
  3114 | D:5      | Reached XP level 8. HP: 35/54 MP: 9/9
  3155 | D:5      | Reached skill level 1 in Ice Magic
  3320 | D:6      | Found a sacrificial altar of Ru.
  3334 | D:6      | Reached * piety under Qazlal
  3369 | D:5      | Reached skill level 9 in Unarmed Combat
  3385 | D:5      | Killed from afar by an orc priest

Illustrated notes

Levels and vault maps discovered:
D:1:      psy_arrival_basics, layout_loops_ring,
          hellmonk_ecumenical_altar_pennies_from_heaven
D:2:      layout_loops_cross
D:3:      layout_basic, grunt_ministairs_9, reono_crystal_passage,
          minmay_quadrilaterals, uniq_sigmund
D:4:      minmay_octagon_keep, layout_rooms, nicolae_qazlal_eye_of_the_storm
D:5:      cheibrodos_fzero, layout_rooms, enter_ossuary_5
D:6:      layout_basic, nicolae_ru_great_annihilating_truth, kb_rosetta

Skill      XL: |  1  2  3  4  5  6  7  8 |
---------------+-------------------------+-----
Dodging        | 3 4 |  4.8
Unarmed Combat | 4 6 8 9 |  9.2
Shapeshifting  | 5 6 |  6.6
Ice Magic      | 1 |  1.5
Fighting       | |  1.1
Shields        | |  0.5
Spellcasting   | |  0.9

Action                     |  1- 3 |  4- 6 |  7- 9 || total
---------------------------+-------+-------+-------++-------
  Melee: Unarmed           |    78 |   129 |    97 ||   304
         Punch             |     2 |     3 |    10 ||    15
  Throw: Dart              |       |       |    17 ||    17
   Cast: Freeze            |       |     3 |       ||     3
    Use: Scroll            |     4 |     7 |       ||    11
         Potion            |       |     1 |     2 ||     3
   Stab: Sleeping          |     1 |     2 |       ||     3
         Paralysed         |       |       |     1 ||     1
 Armour: Animal skin       |     3 |       |       ||     3
         Ring mail         |    18 |    24 |       ||    42
         Robe              |       |     3 |     9 ||    12
         Scale mail        |       |       |     4 ||     4
  Dodge: Dodged            |    28 |    50 |    61 ||   139
  Block: Other             |       |       |    10 ||    10

Table legend: (Time is in decaauts)
 A = Elapsed time spent in this place.
 B = Non-inter-level travel time spent in this place.
 C = Inter-level travel time spent in this place.
 D = Time resting spent in this place.
 E = Time spent auto-exploring this place.
 F = Levels seen in this place.
 G = Mean time per level.
                   A        B        C        D        E       F      G
               +--------+--------+--------+--------+--------+-----+--------+
         Total |   3348 |   2716 |    632 |      0 |   1791 |   6 |  558.0 |
       Dungeon |   3348 |   2716 |    632 |      0 |   1791 |   6 |  558.0 |
               +--------+--------+--------+--------+--------+-----+--------+

Top non-repeatable levels by time:
     D:3: 768 daAuts
     D:2: 751 daAuts
     D:4: 750 daAuts
     D:1: 745 daAuts
     D:6: 166 daAuts
     D:5: 166 daAuts
